 Dungeon Crawl Stone Soup version 0.31-a0-1010-g5322dac (webtiles) character file.

Game seed: 10419421374641788811

27904999 Unit the Shapeless Cat (level 27, 134/134 HPs)
             Began as a Felid Shapeshifter on Nov 16, 2023.
             Was an Initiate of Gozag.
             Escaped with the Orb
             ... and 15 runes!
             The game lasted 02:15:57 (53172 turns).

Unit the Shapeless Cat (Felid Shapeshifter)        Turns: 53172, Time: 02:15:58

Health: 134/134    AC: 19    Str:  9    XL:     27
Magic:  32/32      EV: 87    Int: 13    God:    Gozag
Gold:   171        SH:  0    Dex: 33    Spells: 41/41 levels left
                                        Lives:  0   Deaths: 8

rFire   + .          .
                       - Unarmed
rCold   + + .        (shield unavailable)
rNeg    + + +        (body armour unavailable)
rPois   ∞            (helmet unavailable)
rElec   +            (cloak unavailable)
rCorr   .            (gloves unavailable)
SInv    +            (boots unavailable)
Will    +++++        a - amulet of Iraxkiru {rF+ Will+ Regen+}
Stlth   ++++         c - ring of Symmetry {rN+++ AC+4 Int-2 Dex+4 Slay+3}
HPRegen 1.22/turn    E - ring "Fubbeon" {Fly rC++ rN+}
MPRegen 0.23/turn

%: clarity
@: storm-form, flying
A: cleaving, insubstantial, flying, very small, (claws 1), (fangs 3), see
invisible, (speed 1), (shaggy fur 3), (stealthy paws), no weapons or thrown
items, no armour, multi-lived, (iridescent scales 1), clarity, clever 1, frail
1, low MP 1, screaming 1, subdued magic 1
0: Orb of Zot
}: 15/15 runes: decaying, slimy, silver, golden, iron, obsidian, icy, bone,
abyssal, demonic, glowing, magical, fiery, dark, gossamer
a: Blinkbolt, Begin Untransformation, Renounce Religion, Potion Petition, Call
Merchant, Bribe Branch


You escaped.
You worshipped Gozag.
Gozag was aware of your devotion.
You were a lightning-filled tempest!
You visited 17 branches of the dungeon, and saw 87 of its levels.
You visited Pandemonium 2 times, and saw 28 of its levels.
You visited the Abyss 2 times.
You visited 1 ziggurat, and saw 9 of its levels.
You also visited: Trove and Bailey.

You collected 34724 gold pieces.
You spent 6756 gold pieces at shops.
You paid 27797 gold pieces to Gozag.

Inventory:

Jewellery
 a - the amulet of Iraxkiru (around neck) {rF+ Will+ Regen+}
   (You found it on level 5 of the Pits of Slime)

   [amulet of regeneration]

   rF+:       It protects you from fire.
   Will+:     It increases your willpower.
   Regen+:    It increases your rate of health regeneration.
 c - the ring of Symmetry (left paw) {rN+++ AC+4 Int-2 Dex+4 Slay+3}
   (You found it in a treasure trove)

   [ring of protection]

   AC+4:      It affects your AC (+4).
   Int-2:     It affects your intelligence (-2).
   Dex+4:     It affects your dexterity (+4).
   Slay+3:    It affects your accuracy & damage with ranged weapons and melee
   (+3).
   rN+++:     It renders you almost immune to negative energy.
 t - the ring of Fiup {rElec rC+ rN+ Str+6 Stlth+}
   (You found it in a treasure trove)

   [ring of strength]

   Str+6:     It affects your strength (+6).
   rC+:       It protects you from cold.
   rElec:     It insulates you from electricity.
   rN+:       It protects you from negative energy.
   Stlth+:    It makes you more stealthy.
 v - the amulet "Ofanir Ytau" {Faith rC- Regen+ rCorr Int+3}
   (You took it off a deep elf death mage on level 3 of the Elven Halls)

   [amulet of faith]

   Faith:     It allows you to gain divine favour quickly.
   Int+3:     It affects your intelligence (+3).
   rC-:       It makes you vulnerable to cold.
   Regen+:    It increases your rate of health regeneration.
   rCorr:     It protects you from acid and corrosion.
 y - the ring "Zamy" {rF+++ AC+4 Str+3 Int-3 Dex+2}
   (You bought it in a shop on level 1 of the Orcish Mines)

   [ring of protection]

   AC+4:      It affects your AC (+4).
   Str+3:     It affects your strength (+3).
   Int-3:     It affects your intelligence (-3).
   Dex+2:     It affects your dexterity (+2).
   rF+++:     It renders you almost immune to fire.
 A - the ring "Adynuth" {rElec rN++ rCorr Str+6 Stlth-}
   (You bought it in a shop on level 1 of the Orcish Mines)

   [ring of strength]

   Str+6:     It affects your strength (+6).
   rElec:     It insulates you from electricity.
   rN++:      It greatly protects you from negative energy.
   rCorr:     It protects you from acid and corrosion.
   Stlth-:    It makes you less stealthy.
 E - the ring "Fubbeon" (right paw) {Fly rC++ rN+}
   (You took it off a deep elf elementalist on level 3 of the Elven Halls)

   [ring of flight]

   rC++:      It greatly protects you from cold.
   rN+:       It protects you from negative energy.
   Fly:       It grants you flight.
 G - the dreamshard necklace {Acrobat *Dream}
   (You acquired it on level 1 of the Vaults)

   [amulet of the acrobat]

   *Dream:    It absorbs a single lethal wound into itself, holding its wearer
   just short of death and releasing dream-creatures to guard them.
   Acrobat:   It increases your evasion while moving and waiting.
Talismans
 J - a talisman of death
 K - a storm talisman (active)
Wands
 k - a wand of quicksilver (26)
 n - a wand of polymorph (38)
 p - a wand of charming (52)
 q - a wand of flame (37)
 x - a wand of mindburst (63)
 C - a wand of roots (60)
 I - a wand of digging (11)
Scrolls
 d - a scroll of teleportation
 z - 9 scrolls of vulnerability
 D - 3 scrolls of poison
 H - a scroll of torment
 L - 3 scrolls of fog
 M - a scroll of silence
 N - a scroll of fear
 Q - 2 scrolls of amnesia
Potions
 b - 4 potions of berserk rage
 e - 12 potions of magic
 f - 20 potions of curing
 g - 6 potions of mutation
 h - 3 potions of enlightenment
 i - 10 potions of attraction
 j - a potion of resistance
 l - 2 potions of heal wounds
 m - a potion of invisibility
 o - 8 potions of brilliance
 u - 12 potions of ambrosia
 w - 4 potions of lignification
 F - 2 potions of haste
 O - 2 potions of cancellation
 P - a potion of might
Miscellaneous
 r - a condenser vane
 B - a lightning rod (4/4)


   Skills:
 O Level 27 Fighting
 O Level 27 Dodging
 O Level 27 Stealth
 O Level 27 Unarmed Combat
 + Level 7.6 Spellcasting
 O Level 27 Evocations
 O Level 27 Shapeshifting


You had 41 spell levels left.
You didn't know any spells.
Your spell library contained the following spells:

 Spells                   Type           Power      Damage    Failure   Level
 Apportation              Tloc           6%         N/A       12%         1
 Kiss of Death            Conj/Necr      12%        2d6       12%         1
 Magic Dart               Conj           12%        1d3       12%         1
 Necrotise                Necr           12%        1d4       12%         1
 Shock                    Conj/Air       12%        1d3       12%         1
 Sting                    Tmut/Pois      12%        1d3       12%         1
 Summon Small Mammal      Summ           12%        N/A       12%         1
 Blink                    Tloc           6%         N/A       19%         2
 Call Imp                 Summ           6%         N/A       19%         2
 Cigotuvi's Dreadful Rot  Necr/Pois/Air  6%         N/A       19%         2
 Ensorcelled Hibernation  Hex/Ice        6%         N/A       19%         2
 Jinxbite                 Hex            6%         N/A       19%         2
 Lesser Beckoning         Tloc           6%         N/A       19%         2
 Momentum Strike          Conj/Tloc      6%         3d8       19%         2
 Passwall                 Tmut/Erth      2%         N/A       19%         2
 Poisonous Vapours        Pois/Air       6%         N/A       19%         2
 Searing Ray              Conj           6%         2d4       19%         2
 Static Discharge         Conj/Air       6%         3-4/arc   19%         2
 Wereblood                Tmut           3%         N/A       19%         2
 Call Canine Familiar     Summ           3%         N/A       36%         3
 Dazzling Flash           Conj/Hex       6%         N/A       36%         3
 Frozen Ramparts          Ice            6%         1d1       36%         3
 Hailstorm                Conj/Ice       3%         3d3       36%         3
 Inner Flame              Hex/Fire       3%         N/A       36%         3
 Mephitic Cloud           Conj/Pois/Air  3%         N/A       36%         3
 Stone Arrow              Conj/Erth      6%         3d7       36%         3
 Summon Guardian Golem    Hex/Summ       3%         N/A       36%         3
 Swiftness                Air            3%         N/A       36%         3
 Tukima's Dance           Hex            3%         N/A       36%         3
 Vampiric Draining        Necr           3%         2d6       36%         3
 Airstrike                Air            1%         2d(1-17)  78%         4
 Anguish                  Hex/Necr       1%         N/A       78%         4
 Brom's Barrelling Bould  Conj/Erth      3%         2d3       78%         4
 Dispel Undead            Necr           3%         3d7       78%         4
 Flame Wave               Conj/Fire      3%         2d5       78%         4
 Fulminant Prism          Conj/Hex       1%         3d5       78%         4
 Iskenderun's Mystic Bla  Conj/Tloc      3%         2d3       78%         4
 Leda's Liquefaction      Hex/Erth       1%         N/A       78%         4
 Olgreb's Toxic Radiance  Pois           3%         N/A       78%         4
 Petrify                  Tmut/Erth      3%         N/A       78%         4
 Sticky Flame             Conj/Fire      3%         2d3       78%         4
 Summon Ice Beast         Ice/Summ       3%         N/A       78%         4
 Summon Lightning Spire   Summ/Air       3%         N/A       78%         4
 Vhi's Electric Charge    Tloc/Air       6%         N/A       78%         4
 Agony                    Necr           3%         N/A       98%         5
 Alistair's Intoxication  Tmut/Pois      2%         N/A       98%         5
 Arcjolt                  Conj/Air       1%         1d11      98%         5
 Borgnjor's Vile Clutch   Necr/Erth      1%         N/A       98%         5
 Freezing Cloud           Conj/Ice/Air   1%         6-21      98%         5
 Irradiate                Conj/Tmut      1%         3d12      98%         5
 Iskenderun's Battlesphe  Conj           3%         2d6       98%         5
 Lee's Rapid Deconstruct  Erth           1%         3d4*      98%         5
 Metabolic Englaciation   Hex/Ice        1%         N/A       98%         5
 Silence                  Hex/Air        1%         N/A       98%         5
 Bombard                  Conj/Erth      1%         9d1       100%        6
 Death Channel            Necr           1%         N/A       100%        6
 Eringya's Noxious Bog    Tmut/Pois      1%         4d6       100%        6
 Plasma Beam              Fire/Air       1%         2x1d11    100%        6
 Orb of Destruction       Conj           1%         9d5       100%        7
 Ozocubu's Refrigeration  Ice            1%         4d7       100%        7
 Spellforged Servitor     Conj/Summ      1%         N/A       100%        7
 Lehudib's Crystal Spear  Conj/Erth      1%         10d2      100%        8
 Death's Door             Necr           1%         N/A       100%        9
 Sublimation of Blood     Necr           Unusable   N/A       N/A         2
 Animate Armour           Summ/Erth      Unusable   N/A       N/A         4
 Dimensional Bullseye     Hex/Tloc       Unusable   N/A       N/A         4
 Simulacrum               Ice/Necr       Unusable   N/A       N/A         6

Dungeon Overview and Level Annotations

Branches:
Dungeon (15/15)            Temple (0/1) D:6            Lair (5/5) D:9
  Swamp (4/4) Lair:3       Spider (4/4) Lair:3        Slime (5/5) Lair:5
    Orc (2/2) D:10            Elf (3/3) Orc:2        Vaults (5/5) D:13
  Crypt (3/3) Vaults:2       Tomb (3/3) Crypt:3      Depths (4/4) D:15
   Hell (visited)             Dis (7/7) Hell            Geh (7/7) Hell
    Coc (7/7) Hell            Tar (7/7) Hell            Zot (5/5) Depths:4
 Bailey (visited)

Altars:
Ashenzari
Dithmenos
Elyvilon
Gozag
Hepliaklqana
Kikubaaqudgha
Trog
Uskayaw
Vehumet
Wu Jian
Xom
Yredelemnul
Zin
Jiyva

Shops:
D:5 !   D:7 =   Orc:1 =*   Orc:2 [(?*   Elf:1 [*   Lair:2 !   Lair:3 ?
Spider:4 *   Depths:1 !   Depths:2 ==:

Portals:
Hell: Depths:1 Depths:2 Depths:4
Abyss: Depths:4
Pandemonium: Depths:2

Annotations:
D:4 3 runed translucent doors, soulfreshner's ghost, amateur NaEn
D:11 1 runed translucent door


Innate Abilities, Weirdness & Mutations

You are a lightning-filled tempest!
Your electrical attacks strike out in all directions at once.
You are incredibly evasive.
Your insubstantial body is immune to petrification, constriction, and being set on fire You are flying.
You are immune to poison.
((You have sharp claws.))
((You have razor-sharp teeth.))
You have supernaturally acute eyesight. (SInv)
((You cover ground quickly. (Speed+)))
((Your thick and shaggy fur keeps you warm. (AC +3, rC+)))
((Your paws help you pounce on unaware monsters.))
You are incapable of wielding weapons or throwing items.
You cannot wear armour.
You gain extra lives every three experience levels.
((You are partially covered in iridescent scales. (AC +2)))
You possess an exceptional clarity of mind.
Your mind is acute. (Int +4, Str/Dex -1)
You are frail. (-10% HP)
Your magical capacity is low. (-10% MP)
You occasionally shout uncontrollably at your foes.
Your spells are a little easier to cast, but a little less powerful.


Message History

You fly upwards.
There is a stone staircase leading down here.
A Hell Sentinel comes into view.
There is a stone staircase leading up here.
You fly upwards.
There is a stone staircase leading down here.
As you read the scroll of teleportation, it crumbles to dust.
You feel strangely unstable.
You feel the Orb delaying your translocation!
You start waiting.
A sun demon comes into view.
The shock of your passage hits the sun demon!!
The sun demon resists.
The sun demon is heavily wounded.
You blink.
You blast the sun demon!!!
You kill the sun demon!
No target in view!
You start resting.
Magic restored.
You start waiting.
Your surroundings suddenly seem different.
Blink to where?
Press: ? - help, Q - select action, (/) - cycle Dir - move target
As you read the scroll of blinking, it crumbles to dust.
Blink to where?
Press: ? - help, Q - select action, (/) - cycle Dir - move target
As you read the scroll of blinking, it crumbles to dust.
You feel energetic enough to blinkbolt again.
Blink to where?
Press: ? - help, Q - select action, (/) - cycle Dir - move target
As you read the scroll of blinking, it crumbles to dust.
Aiming: Dig
Press: ? - help, Q - select action, (/) - cycle Shift-Dir - straight line You can't see that place. [a staircase leading out of the dungeon.]
The rock shatters into small pieces.
A rust devil comes into view.
There is a staircase leading out of the dungeon here.
You have escaped!

#...#
#....#.....#
##### #+#
##...##########
##.##
#.>...........
##...##
#.############
##...(.###+# #.#
#........'.###.#
##.....###'##..#
##...###....#.#
##.##'..v..#.#
#'#.##...##.#
##.#..#.###.#
######'# #.#
#.###.# #.....#
#######


There were no monsters in sight!

Vanquished Creatures
  Cerebov (Pan)
  Antaeus (Coc:7)
  Asmodeus (Geh:7)
  the Royal Jelly (Slime:5)
  6 pandemonium lords
  Ereshkigal (Tar:7)
  Ignacio (Pan)
  Mnoleg (Pan)
  Gloorx Vloq (Pan)
  Lom Lobon (Pan)
  An orb of fire (Zot:5)
  10 dread liches
  4 ancient liches
  Sojobo (Crypt:2)
  32 royal mummies
  12 shard shrikes
  3 Killer Klowns (Zot:1)
  Geryon (Hell)
  the Lernaean hydra (Swamp:4)
  3 curse toes
  8 caustic shrikes
  15 golden dragons
  Jory (Vaults:2)
  A profane servitor (Tar:3)
  20 bone dragons
  16 Brimstone Fiends
  4 electric golems
  4 iron giants (Dis:7)
  2 spectral shard shrikes
  18 Tzitzimimeh
  11 doom hounds
  15 Ice Fiends
  13 tainted leviathans
  17 tentacled monstrosities
  15 Orb Guardians
  7 hellephants
  16 Hell Sentinels
  A deep elf master archer (Elf:3)
  9 liches
  2 deep elf blademasters (Elf:3)
  7 quicksilver dragons
  12 titans
  Murray (Depths:4)
  19 acid blobs
  26 Executioners (Pan)
  17 searing wretches
  24 ancient champions
  8 sphinxes
  9 death cobs
  11 storm dragons
  5 shadow dragons
  Roxanne (D:14)
  12 tengu reavers
  12 rockslimes
  A thorn hunter (Swamp:2)
  3 draconian monks
  18 azure jellies
  2 draconian knights
  3 revenants
  6 demonspawn warmongers (Pan)
  2 fenstrider witches
  2 iron dragons
  16 narguns
  18 fire giants
  A daeva (Abyss:3)
  6 draconian scorchers
  9 deep elf sorcerers (Elf:3)
  A spectral caustic shrike (Tar:7)
  40 balrugs
  16 vault wardens
  15 quicksilver elementals
  10 ghost moths
  5 emperor scorpions
  9 frost giants
  8 shard shrike simulacra
  Louise (D:13)
  A ghoul (Crypt:3)
  2 curse skulls (Pan)
  10 ironbound preservers
  9 demonspawn blood saints
  2 spriggan defenders
  4 deep elf elementalists (Elf:3)
  7 demonspawn corrupters (Pan)
  19 cacodemons
  24 reapers
  5 draconian shifters
  6 draconian annihilators
  A juggernaut skeleton (Abyss:3)
  4 quicksilver oozes (Slime:5)
  12 green draconians
  12 very ugly things
  14 war gargoyles
  A broodmother (Spider:4)
  5 draconian stormcallers
  3 orc warlords
  6 formless jellyfish
  6 deep elf demonologists
  13 stone giants
  3 ironbound thunderhulks
  16 elemental wellsprings
  4 eleionomae
  12 putrid mouths
  10 deep elf annihilators
  11 black draconians
  6 vampire knights
  7 demonspawn black suns
  Azrael (D:14)
  4 red draconians
  12 lorocyprocas
  9 purple draconians
  8 dire elephants
  A bunyip (Swamp:3)
  8 yellow draconians
  7 wendigos
  7 white draconians
  4 bennus
  13 spark wasps
  15 iron golems
  16 green deaths
  24 blizzard demons
  6 deep elf death magi
  7 eidola
  14 fire dragons
  20 mummy priests
  A quicksilver dragon zombie (Hell)
  10 jiangshi
  Josephine (Lair:3)
  11 ettins
  4 entropy weavers
  11 deep elf high priests
  12 yaktaur captains
  28 vault guards
  A spectral spriggan (Tar:4)
  A shambling mangrove (Swamp:4)
  6 rakshasas
  15 hydras
  3 juggernaut simulacra
  6 caustic shrike simulacra
  6 great orbs of eyes
  7 hell beasts
  14 ice dragons
  2 spriggan air magi
  2 salamander tyrants
  A radroach (shapeshifter) (Elf:3)
  2 jorogumos
  A spectral tengu (Tar:1)
  3 ghost crabs
  5 ironbound frosthearts
  4 ogre magi
  3 alligators
  A two-headed ogre (Orc:1)
  A radroach (Spider:4)
  4 spriggan skeletons
  A death knight (Crypt:3)
  4 boulder beetles
  16 death scarabs
  9 tengu warriors
  A two-headed ogre (shapeshifter) (Vaults:5)
  13 centaur warriors
  6 stokers
  A quicksilver ooze zombie (Crypt:2)
  16 dancing weapons
  2 deep troll earth magi (Depths:2)
  6 spriggan berserkers
  26 hell hogs
  A spectral naga (Tar:1)
  7 deep elf knights
  11 hell knights
  21 demonic crawlers
  5 vampire magi
  4 orc high priests
  35 soul eaters
  4 occultists
  16 shadow wraiths
  10 crystal echidnas
  2 storm dragon zombies
  15 sixfirhies
  51 sun demons
  A wretched star (Abyss:3)
  A titan skeleton (Hell)
  21 skeletal warriors
  3 skysharks
  A spectral minotaur (Tar:1)
  A fire crab (shapeshifter) (Vaults:5)
  A bunyip zombie (Crypt:1)
  2 iron trolls (Hell)
  A cherub (Pan)
  3 pharaoh ants
  18 deep trolls
  7 flayed ghosts
  A storm dragon skeleton (Crypt:1)
  2 anaconda zombies
  A goliath frog (shapeshifter) (Vaults:5)
  5 goliath frogs
  A salamander mystic (Depths:4)
  15 shadow demons
  A tengu zombie (Hell)
  A sun moth (Zig:4)
  5 glowing orange brains
  An orb spider (Spider:4)
  A spriggan druid (Swamp:1)
  An obsidian statue (Zig:7)
  3 spriggan simulacra
  5 swamp dragons (Swamp:4)
  2 lindwurms
  7 steelbarb worms
  A quicksilver dragon simulacrum (Coc:5)
  A bunyip skeleton (Pan)
  An iron giant skeleton (Crypt:1)
  10 deep elf archers
  4 bog bodies
  7 ironbound convokers
  A steelbarb worm (shapeshifter) (Depths:3)
  10 necromancers
  A goliath frog zombie (Crypt:1)
  4 harpies (Vaults:1)
  4 arcanists
  13 wolf spiders
  3 orange crystal statues (Zig:7)
  15 deep elf zephyrmancers
  15 phantasmal warriors
  A mana viper (shapeshifter) (Vaults:5)
  2 orc knights
  A broodmother zombie (Crypt:2)
  2 cyclopes
  6 salamanders
  30 deep elf pyromancers
  2 stone giant zombies (Hell)
  30 ugly things
  An alligator skeleton (Hell)
  A manticore (shapeshifter) (Vaults:5)
  6 orc sorcerers
  6 shining eyes
  4 will-o-the-wisps
  2 fire giant zombies
  A worldbinder (Abyss:3)
  2 manticores (D:11)
  A spectral ettin (Crypt:3)
  10 moths of wrath
  A moth of wrath (shapeshifter) (Elf:2)
  A spectral centaur (Tar:1)
  10 elephants
  A draconian skeleton (Tomb:1)
  5 ice statues
  2 eyes of devastation
  9 black mambas
  A storm dragon simulacrum (Coc:1)
  12 vault sentinels
  9 rust devils
  2 centaur zombies
  3 titan simulacra
  7 molten gargoyles
  A gargoyle (D:11)
  6 cane toads
  An apocalypse crab (Abyss:3)
  24 smoke demons
  A spriggan zombie (Hell)
  4 centaur skeletons
  4 torpor snails
  An unseen horror (D:12)
  23 hellions
  23 orange demons
  4 efreet (Pan)
  18 komodo dragons
  2 bunyip simulacra
  A dire elephant skeleton (Tomb:2)
  A rime drake (Lair:2)
  8 yaktaurs
  26 tormentors
  29 guardian mummies
  3 ice devils (Pan)
  13 freezing wraiths
  2 kobold demonologists (D:14)
  A death yak skeleton (Crypt:1)
  A redback zombie (Crypt:1)
  A golden dragon simulacrum (Coc:2)
  2 tengu conjurers
  2 anaconda simulacra
  An iron troll skeleton (Crypt:1)
  10 red devils (Pan)
  A spectral harpy (Crypt:3)
  3 ancient zymes (Abyss:3)
  2 hydra zombies (Hell)
  A bloated husk (Swamp:4)
  16 hellwings
  4 polar bears
  4 meliai
  6 tyrant leeches
  An alligator simulacrum (Hell)
  8 trolls
  2 glass eyes (Depths:3)
  A harpy skeleton (Pan)
  2 silent spectres
  14 hornets
  25 tarantellas
  3 blink frogs (Lair:3)
  2 hydra skeletons (Hell)
  A meliai zombie (D:15)
  2 ettin skeletons
  7 raiju (Abyss:3)
  An ettin zombie (Tomb:1)
  A centaur simulacrum (Coc:2)
  7 air elementals
  2 stone giant simulacra
  50 flying skulls
  12 jumping spiders
  42 slime creatures
  28 large abominations
  11 culicivoras
  12 spriggans
  16 ynoxinuls
  Grum (Bailey)
  2 shadows
  8 dire elephant simulacra
  6 fire elementals
  3 naga simulacra
  4 fire bats (Abyss:3)
  23 ushabtiu
  8 wraiths
  10 yaks
  5 wyverns
  19 water elementals
  A basilisk (shapeshifter) (Elf:3)
  A golden eye (Slime:3)
  9 vampire mosquitoes
  9 basilisks
  26 chaos spawn
  4 wargs
  21 neqoxecs (Pan)
  37 redbacks
  Menkaure (D:7)
  15 harpy simulacra
  6 steam dragons
  A glowing shapeshifter zombie (Hell)
  3 hydra simulacra
  12 water moccasins
  14 swamp worms
  An acid dragon (D:11)
  5 sky beasts
  10 hell hounds
  11 swamp drakes
  An ice beast (D:6)
  A meliai simulacrum (D:15)
  31 orc warriors
  4 black bears
  A naga skeleton (Pan)
  2 ettin simulacra
  18 centaurs
  14 wolves
  4 ogres
  A phantom (D:7)
  4 necrophages (Crypt:3)
  3 kobold brigands
  A yaktaur skeleton (Crypt:2)
  7 gnoll sergeants
  4 bullfrogs
  5 earth elementals
  4 scorpions
  4 small abominations (Abyss:3)
  4 wights (D:10)
  8 killer bees
  A howler monkey (D:4)
  3 electric eels
  3 crimson imps (Pan)
  5 lava snakes (Lair:5)
  4 hounds
  8 gnoll boudas
  A jelly (D:5)
  An iron imp (Pan)
  17 orc priests
  2 sleepcaps
  Ijyb (D:3)
  A boggart zombie (Crypt:1)
  3 iguanas
  21 orc wizards
  A boggart skeleton (D:15)
  12 hell rats
  A naga zombie (Crypt:2)
  An ogre skeleton (Crypt:1)
  30 mummies
  25 gnolls
  7 adders
  2 shadow imps
  A white imp (D:5)
  2 ufetubi (D:5)
  3 worms
  5 dart slugs
  An orc (shapeshifter) (Vaults:5)
  79 orcs
  A bat skeleton (Crypt:2)
  4 endoplasms
  3 giant cockroaches
  2 goblins (D:4)
  4 hobgoblins
  2 jackals (D:4)
  A quokka (D:4)
  8 ball pythons
  6 bats (D:1)
  2 frilled lizards
  A hobgoblin zombie (Crypt:2)
  2 jackal zombies
  15 kobolds
  6 rats
  3 creeping infernos
  8 fire vortices
3073 creatures vanquished.

Vanquished Creatures (collateral kills)
  An ancient lich (Zot:5)
  Dispater (Dis:7)
  A juggernaut (Dis:7)
  2 Killer Klowns (Zot:5)
  2 caustic shrikes (Dis:7)
  An electric golem (Zot:5)
  2 iron giants
  5 Orb Guardians (Zot:5)
  A tentacled monstrosity (Zot:5)
  A titan (Coc:7)
  A death cob (Zot:5)
  A draconian monk (Zot:5)
  A quicksilver elemental (Dis:7)
  A war gargoyle (Dis:7)
  A purple draconian (Zot:5)
  An orc knight (Orc:2)
  A tormentor (Dis:7)
  A culicivora (Spider:4)
  A water elemental (Coc:7)
  A redback (Spider:4)
  An orc warrior (Orc:2)
  An orc priest (Orc:2)
  A gnoll (D:5)
  3 orcs (Orc:2)
33 creatures vanquished.

Vanquished Creatures (others)
  3 dread liches
  2 ancient liches
  A caustic shrike (Dis:7)
  A golden dragon (Zot:5)
  An iron giant (Dis:7)
  8 Hell Sentinels (Dis:7)
  6 Orb Guardians (Zot:5)
  A tentacled monstrosity (Zot:5)
  2 Ice Fiends (Coc:7)
  A lich (Vaults:5)
  A tainted leviathan (Tar:3)
  2 titans (Coc:7)
  11 ancient champions (Dis:7)
  An azure jelly (Coc:7)
  A draconian monk (Zot:5)
  5 narguns (Coc:7)
  A quicksilver elemental (Dis:7)
  2 iron dragons (Dis:7)
  A draconian scorcher (Zot:3)
  7 war gargoyles (Dis:7)
  A demonspawn blood saint (Pan)
  A black draconian (Zot:5)
  2 elemental wellsprings (Coc:4)
  2 white draconians (Zot:5)
  A vault guard (Vaults:5)
  An entropy weaver (Spider:4)
  A rakshasa (Pan)
  2 caustic shrike simulacra
  A juggernaut simulacrum (Coc:4)
  5 dancing weapons
  A hell hog (Geh:6)
  2 sun demons (Pan)
  A shadow wraith (Tar:3)
  A deep elf pyromancer (Elf:3)
  An ice statue (Coc:7)
  A titan simulacrum (Coc:4)
  3 freezing wraiths (Coc:7)
  2 hellions (Tar:3)
  2 tormentors
  2 bloated husks (Swamp:3)
  A jumping spider (Spider:4)
  2 dire elephant simulacra
  A redback (Spider:4)
  A chaos spawn (Abyss:3)
  A hydra simulacrum (Coc:2)
  A swamp worm (Swamp:4)
  A hell hound (Abyss:3)
  An ettin simulacrum (Coc:7)
  A killer bee (Abyss:3)
  An iguana (D:5)
  A gnoll (D:5)
  3 creeping infernos
  A fire vortex (Geh:7)
  28 foxfires
135 creatures vanquished.

Grand Total: 3241 creatures vanquished

Notes
Turn   | Place    | Note
-------+----------+-------------------------------------------
     0 | D:1      | Unit the Felid Shapeshifter began the quest for the Orb.
     0 | D:1      | Reached XP level 1. HP: 9/9 MP: 2/2
   110 | D:2      | Reached XP level 2. HP: 12/12 MP: 3/3
   342 | D:4      | Found a runed translucent gate.
   343 | D:4      | Found a runed translucent gate.
   344 | D:4      | Found a runed translucent gate.
   345 | D:4      | Noticed soulfreshner's ghost (amateur NaEn)
   393 | D:5      | Entered Level 5 of the Dungeon
   429 | D:6      | Reached XP level 3. HP: 16/16 MP: 4/4
   441 | D:5      | Found an opulent altar of Gozag.
   515 | D:5      | Reached XP level 4. HP: 8/21 MP: 5/5
   613 | D:5      | Found a hazy altar of Hepliaklqana.
   645 | D:5      | Found Fanadgh's Distillery.
   890 | D:4      | Reached XP level 5. HP: 24/24 MP: 6/6
   896 | D:4      | Found a radiant altar of Vehumet.
   917 | D:3      | Noticed Ijyb
  1289 | D:4      | You fall into a shaft and drop 3 floors!
  1318 | D:7      | Noticed a sky beast
  1426 | D:7      | Noticed a sky beast
  1489 | D:6      | Found a white marble altar of Elyvilon.
  1511 | D:5      | Became a worshipper of Gozag Ym Sagoz the Greedy
  1621 | D:1      | Found a faded altar of an unknown god.
  2059 | D:1      | Reached skill level 5 in Unarmed Combat
  2334 | D:3      | Killed Ijyb
  2501 | D:3      | Found a bloodstained altar of Trog.
  2501 | D:3      | Found a shadowy altar of Dithmenos.
  2501 | D:3      | Found a basalt altar of Yredelemnul.
  2673 | D:4      | Gained mutation: You are covered in thick fur. (AC +2)
                  | [Felid growth]
  2673 | D:4      | Reached XP level 6. HP: 27/28 MP: 7/7
  2691 | D:4      | Found a shimmering altar of Xom.
  3544 | D:5      | Noticed a water moccasin
  3557 | D:5      | Killed a water moccasin
  3558 | D:5      | Reached skill level 5 in Fighting
  3703 | D:5      | Reached XP level 7. HP: 33/33 MP: 8/8
  3743 | D:5      | Found a hide-covered altar of Uskayaw.
  4134 | D:5      | Reached skill level 5 in Dodging
  4250 | D:5      | Reached XP level 8. HP: 32/38 MP: 9/9
  4334 | D:5      | Bought a potion of curing for 45 gold pieces
  4334 | D:5      | Bought a potion of curing for 45 gold pieces
  4334 | D:5      | Bought a potion of heal wounds for 75 gold pieces
  4334 | D:5      | Bought 2 potions of lignification for 90 gold pieces
  4807 | D:6      | Found a staircase to the Ecumenical Temple.
  5060 | D:7      | Reached XP level 9. HP: 41/41 MP: 10/10
  5061 | D:7      | Reached XP level 10. HP: 49/49 MP: 11/11
  5062 | D:7      | Reached XP level 11. HP: 52/52 MP: 12/12
  5076 | D:7      | Found Weosopu's Jewellery Boutique.
  5089 | D:7      | Bought a +6 ring of dexterity for 504 gold pieces
  5330 | D:7      | Noticed Menkaure
  5340 | D:7      | Killed Menkaure
  5521 | D:7      | Engulfed by a cloud of steam
  5756 | D:8      | Found a broken altar of Ashenzari.
  6520 | D:9      | Found a staircase to the Lair.
  6930 | D:9      | Found a glowing silver altar of Zin.
  6960 | D:10     | Identified the "Ylet Jeugoe"
  6960 | Lair:1   | Entered Level 1 of the Lair of Beasts
  7360 | Lair:2   | Gained mutation: Your thick and shaggy fur keeps you warm.
                  | (AC +3, rC+) [Felid growth]
  7360 | Lair:2   | Reached XP level 12. HP: 41/57 MP: 13/13
  7452 | Lair:2   | Bought a potion of heal wounds for 65 gold pieces
  7452 | Lair:2   | Bought a potion of invisibility for 104 gold pieces
  7452 | Lair:2   | Bought a potion of heal wounds for 65 gold pieces
  7452 | Lair:2   | Bought a potion of heal wounds for 65 gold pieces
  7455 | Lair:2   | Bought a potion of curing for 39 gold pieces
  7550 | Lair:2   | Reached skill level 10 in Unarmed Combat
  7667 | Lair:2   | Paralysed by a hornet for 3 turns
  8152 | Lair:2   | Noticed an eight-headed hydra
  8708 | Lair:2   | Mangled by an eight-headed hydra
  8770 | Lair:2   | Reached skill level 10 in Shapeshifting
  8847 | Lair:2   | You fall into a shaft and drop 2 floors!
  8847 | Lair:4   | Noticed an eight-headed hydra
  8871 | Lair:4   | Noticed Snorg
  8877 | Lair:4   | Snorg changed into Snorg the salamander
  8877 | Lair:4   | Noticed Snorg
  8883 | Lair:4   | Killed Snorg the salamander
  8888 | Lair:5   | Entered Level 5 of the Lair of Beasts
  9317 | Lair:5   | Found a viscous altar of Jiyva.
  9317 | Lair:5   | Found a staircase to the Slime Pits.
  9552 | Lair:5   | Noticed a boulder beetle
  9589 | Lair:5   | Killed a boulder beetle
  9763 | Lair:5   | Reached XP level 13. HP: 45/61 MP: 14/14
 10081 | Lair:5   | Noticed a fire dragon
 10708 | Lair:3   | Found a hole to the Spider Nest.
 10737 | Lair:3   | Found a staircase to the Swamp.
 10916 | Lair:3   | Bought a scroll of identify for 32 gold pieces
 10916 | Lair:3   | Bought a scroll of identify for 32 gold pieces
 10916 | Lair:3   | Bought a scroll of blinking for 120 gold pieces
 11031 | Lair:3   | Noticed Josephine
 11039 | Lair:3   | Killed Josephine
 11410 | D:10     | Entered Level 10 of the Dungeon
 11487 | D:10     | Found a flagged portal.
 11498 | Bailey   | Entered a bailey
 11860 | Bailey   | Noticed Grum
 11871 | Bailey   | Killed Grum
 11971 | Bailey   | Identified the +7 executioner's axe "Ogreslayer" {protect,
                  | rF- Str+3}
 12368 | D:10     | Reached skill level 15 in Shapeshifting
 12434 | D:10     | Found a staircase to the Orcish Mines.
 12519 | Orc:1    | Entered Level 1 of the Orcish Mines
 12601 | Orc:1    | Found Puexyely's Assorted Antiques.
 12769 | Orc:1    | Bought a scroll labelled LIGHUC ENKA for 23 gold pieces
 12941 | Orc:1    | Bought a granite talisman for 840 gold pieces
 13023 | Orc:2    | Entered Level 2 of the Orcish Mines
 13024 | Orc:2    | Found a staircase to the Elven Halls.
 13253 | Orc:2    | Found Qeanago's Magic Scroll Shoppe.
 13342 | Orc:2    | Bought a scroll of summoning for 161 gold pieces
 13342 | Orc:2    | Bought a scroll of teleportation for 51 gold pieces
 13342 | Orc:2    | Bought a scroll of revelation for 127 gold pieces
 13684 | Orc:2    | Noticed an orc warlord
 13693 | Orc:2    | Reached XP level 14. HP: 65/65 MP: 15/15
 13722 | Orc:2    | Killed an orc warlord
 13777 | Orc:2    | Found Pooh's Antique Weapon Emporium.
 13819 | Orc:2    | Found Zupiuxty's Antique Armour Shoppe.
 13948 | Orc:2    | Found Paoxtautykk's Assorted Antiques.
 13960 | Orc:2    | Bought a sedimented green potion for 25 gold pieces
 13960 | Orc:2    | Bought a metallic green potion for 25 gold pieces
 14147 | Orc:2    | Bought a scroll of teleportation for 51 gold pieces
 14147 | Orc:2    | Bought a scroll of silence for 161 gold pieces
 14518 | D:11     | Noticed a tengu reaver
 14518 | D:11     | Identified the ring of Dithmenos's Grace {rF- rN+ Will++
                  | Str+3 Dex+6}
 14527 | D:11     | Found a runed translucent door.
 14527 | D:11     | Identified the +5 ring mail of Fuam {*Slow Str+4 Int+4
                  | SInv}
 16013 | Orc:1    | Bought the ring "Zamy" {rF+++ AC+4 Str+3 Int-3 Dex+2} for
                  | 1150 gold pieces
 16216 | Spider:1 | Identified the "Nasunoj"
 16216 | Swamp:1  | Entered Level 1 of the Swamp
 16533 | Swamp:2  | Noticed a thorn hunter
 16549 | Swamp:2  | Killed a thorn hunter
 16869 | Swamp:2  | Noticed a fenstrider witch
 16883 | Swamp:2  | Killed a fenstrider witch
 17332 | Swamp:3  | Reached XP level 15. HP: 61/69 MP: 16/16
 17423 | Swamp:3  | Identified the +1 glaive of Untruth {spect, Str+2}
 17503 | Swamp:4  | Entered Level 4 of the Swamp
 17503 | Swamp:4  | Noticed a fenstrider witch
 17512 | Swamp:3  | Killed a fenstrider witch
 17883 | Swamp:4  | Noticed the 27-headed Lernaean hydra
 18030 | Swamp:4  | Killed the 27-headed Lernaean hydra
 18152 | Swamp:4  | Got a decaying rune of Zot
 18546 | Orc:1    | Bought the ring "Adynuth" {rElec rN++ rCorr Str+6 Stlth-}
                  | for 905 gold pieces
 18739 | Spider:1 | Entered Level 1 of the Spider Nest
 19114 | Spider:2 | Noticed an emperor scorpion
 19135 | Spider:2 | Killed an emperor scorpion
 19254 | Spider:3 | Noticed an emperor scorpion
 19264 | Spider:3 | Killed an emperor scorpion
 19366 | Spider:3 | Reached XP level 16. HP: 73/73 MP: 17/17
 19378 | Spider:4 | Entered Level 4 of the Spider Nest
 20606 | Spider:4 | Bought a scroll of poison for 48 gold pieces
 20857 | Spider:4 | Got a gossamer rune of Zot
 21173 | WizLab   | Identified the of Uzior
 21173 | WizLab   | Identified the "Acil"
 21173 | WizLab   | Identified the of Vudiraxy
 21173 | Crypt:3  | Identified the of Namaeh
 21173 | Elf:1    | Identified the of Ysonniegi
 21173 | Slime:1  | Entered Level 1 of the Pits of Slime
 21178 | Slime:1  | Noticed an acid blob
 21181 | Slime:1  | Reached skill level 10 in Fighting
 21241 | Lair:5   | Killed an acid blob
 21395 | Slime:2  | Noticed an acid blob
 21403 | Slime:2  | Slain by an acid blob
 21415 | Slime:2  | Noticed an acid blob
 21416 | Slime:2  | Noticed an acid blob
 21423 | Slime:2  | Killed an acid blob
 21423 | Slime:2  | Noticed an acid blob
 21562 | Lair:5   | Found a large runed translucent door.
 21563 | Lair:5   | Found a large runed translucent door.
 21927 | Elf:1    | Entered Level 1 of the Elven Halls
 21951 | Elf:1    | Found Oten's Antique Armour Shop.
 22012 | Elf:1    | Found Qomoc's Overcharged Wands.
 22020 | Elf:1    | Bought a wand of digging (11) for 693 gold pieces
 22037 | Elf:1    | Reached XP level 17. HP: 78/78 MP: 18/18
 22719 | Elf:3    | Entered Level 3 of the Elven Halls
 23206 | Elf:3    | Noticed a Hell Sentinel
 23290 | Elf:3    | Noticed a deep elf blademaster
 23304 | Elf:3    | Killed a deep elf blademaster
 23347 | Elf:3    | Noticed a deep elf blademaster
 23347 | Elf:3    | Identified the +3 great mace of Fuyl {holy, rC+ rN+}
 23347 | Elf:3    | Identified the ring "Fubbeon" {Fly rC++ rN+}
 23347 | Elf:3    | Identified the amulet "Mynt" {Acrobat rN+}
 23347 | Elf:3    | Noticed a deep elf master archer
 23354 | Elf:3    | Paralysed by an air elemental for 1 turns
 23451 | Elf:3    | Identified the amulet "Ofanir Ytau" {Faith rC- Regen+ rCorr
                  | Int+3}
 23497 | Elf:3    | Killed a deep elf blademaster
 23610 | Abyss:3  | Found a corrupted altar of Lugonu.
 23610 | Abyss:3  | Cast into level 3 of the Abyss (a deep elf sorcerer)
 23617 | Abyss:3  | Found a corrupted altar of Lugonu.
 23691 | Abyss:3  | Reached XP level 18. HP: 87/87 MP: 19/19
 23703 | Abyss:3  | Noticed a lich
 23706 | Abyss:3  | Noticed a lich
 23713 | Abyss:3  | Noticed a dread lich
 23719 | Abyss:3  | Noticed an Ice Fiend
 23720 | Abyss:3  | Noticed a Tzitzimitl
 23720 | Abyss:3  | Noticed an ancient lich
 23722 | Abyss:3  | Noticed a lich
 23725 | Abyss:3  | Killed a lich
 23730 | Abyss:3  | Noticed a lich
 23735 | Abyss:3  | Got an abyssal rune of Zot
 23742 | Abyss:3  | Paralysed by a dread lich for 5 turns
 23750 | Abyss:3  | Paralysed by a dread lich for 5 turns
 23759 | Abyss:3  | Noticed a Brimstone Fiend
 23759 | Abyss:3  | Killed a dread lich
 23772 | Abyss:3  | Killed an ancient lich
 23778 | Abyss:3  | Killed a lich
 23780 | Abyss:3  | Killed a lich
 23784 | Abyss:3  | Killed a lich
 23804 | Abyss:3  | Noticed a profane servitor
 23809 | Elf:3    | Escaped the Abyss
 23818 | Elf:3    | Identified the +4 falchion "Ofuyli" {freeze, rPois rC-
                  | Stlth+}
 23818 | Elf:3    | Identified the ring "Hanael" {Fire Str+4 Int+3 Dex-3
                  | Slay+2}
 23828 | Elf:3    | Noticed a Hell Sentinel
 24456 | Slime:5  | Identified the "Rauthot"
 24456 | Slime:5  | Entered Level 5 of the Pits of Slime
 24500 | Slime:5  | Reached skill level 15 in Unarmed Combat
 24545 | Slime:5  | Found a viscous altar of Jiyva.
 24546 | Slime:5  | Noticed the Royal Jelly
 24560 | Slime:5  | Found the +8 frozen axe "Frostbite" {freeze, freezing
                  | cloud, *Noise Fly rC+}
 24600 | Slime:5  | Reached skill level 15 in Fighting
 24760 | Slime:5  | Killed the Royal Jelly
 24904 | Slime:5  | Identified the amulet of Iraxkiru {rF+ Will+ Regen+}
 24964 | Slime:5  | Identified the ring "Cyhiawk" {Wiz rC+ Will+ Str+3}
 24974 | Slime:5  | Identified the +0 leather armour of Qazlal's Castigation
                  | {rN+}
 24990 | Slime:5  | Got a slimy rune of Zot
 25504 | D:14     | Noticed Louise
 25537 | D:13     | Killed Louise
 25813 | D:14     | Noticed Roxanne
 25906 | D:14     | Killed Roxanne
 26034 | D:14     | Noticed Azrael
 26043 | D:14     | Killed Azrael
 26216 | D:13     | Found a gate to the Vaults.
 26220 | D:13     | Identified the +4 trident "Yniretiat" {flame, +Blink rPois
                  | rF-}
 26223 | Vaults:1 | Entered Level 1 of the Vaults
 26225 | Vaults:1 | Identified the +0 pair of gloves of Ofecvy {Harm +Blink
                  | Str-4 Stlth+}
 26552 | Vaults:1 | Reached XP level 19. HP: 94/94 MP: 20/20
 27107 | Vaults:1 | You are sucked into a shaft and drop 1 floor!
 27188 | Vaults:3 | You are sucked into a shaft and drop 1 floor!
 27248 | Vaults:5 | Entered Level 5 of the Vaults
 27335 | Vaults:5 | Noticed a golden dragon
 27347 | Vaults:5 | Noticed an ancient lich
 27351 | Vaults:5 | Killed a golden dragon
 27363 | Vaults:5 | Noticed a dread lich
 27374 | Vaults:5 | Killed an ancient lich
 27378 | Vaults:5 | Killed a dread lich
 27378 | Vaults:5 | Noticed a dread lich
 27385 | Vaults:5 | Killed a dread lich
 27387 | Vaults:5 | Noticed a golden dragon
 27412 | Vaults:5 | Killed a golden dragon
 27452 | Vaults:5 | Reached XP level 20. HP: 72/102 MP: 21/21
 27494 | Vaults:5 | Identified the +4 quarterstaff of Dozyewn {flame, Fly
                  | Dex+2}
 27755 | Vaults:5 | Noticed a golden dragon
 27761 | Vaults:5 | Killed a golden dragon
 27795 | Vaults:5 | Found the +1 robe of Vines {NoPotionHeal Regen++++}
 27841 | Vaults:5 | Identified the +8 great sword of the Other Side {vamp,
                  | Int+3}
 28029 | Vaults:5 | Identified the +6 broad axe "Pedgh" {flame, +Blink rC-
                  | Str+2}
 28235 | Vaults:5 | Identified the ring "Fadafies" {+Blink rElec Str+4 SInv}
 28467 | Vaults:5 | Got a silver rune of Zot
 28547 | Vaults:2 | You are sucked into a shaft and drop 1 floor!
 28784 | Vaults:1 | Identified a scroll of acquirement
 28785 | Vaults:1 | Acquired the dreamshard necklace {Acrobat *Dream}
 28785 | Vaults:1 | Found the dreamshard necklace {Acrobat *Dream}
 28940 | D:15     | Entered Level 15 of the Dungeon
 29139 | D:15     | Found a staircase to the Depths.
 29166 | Depths:1 | Entered Level 1 of the Depths
 29309 | Depths:1 | Found a gateway to Hell.
 29417 | Depths:1 | Found Yvvuf's Distillery.
 29420 | Depths:1 | Bought a potion of haste for 160 gold pieces
 29420 | Depths:1 | Bought a potion of haste for 160 gold pieces
 29420 | Depths:1 | Bought a potion of heal wounds for 80 gold pieces
 29420 | Depths:1 | Bought a potion of haste for 160 gold pieces
 29433 | Depths:1 | Reached XP level 21. HP: 107/108 MP: 22/22
 29469 | Depths:2 | Noticed a golden dragon
 29482 | Depths:2 | Killed a golden dragon
 30252 | Depths:2 | Found a one-way gateway to a ziggurat.
 30263 | Tomb:3   | Identified the "Kuozybb"
 30263 | Tomb:3   | Identified the of Zekluzu
 30263 | Tar:7    | Identified the "Qintuin"
 30263 | Coc:7    | Identified the of Yghoag
 30263 | Dis:7    | Identified the "Aniteh"
 30263 | Dis:7    | Identified the "Zaythria"
 30263 | Dis:7    | Identified the "Nyaj"
 30263 | Zig:1    | Entered Level 1 of a ziggurat
 30278 | Zig:2    | Entered Level 2 of a ziggurat
 30296 | Zig:3    | Entered Level 3 of a ziggurat
 30298 | Zig:3    | Gained mutation: You have a pair of small antennae on your
                  | head. [a shining eye]
 30318 | Zig:4    | Entered Level 4 of a ziggurat
 30368 | Zig:5    | Entered Level 5 of a ziggurat
 30369 | Zig:5    | Found the +7 captain's cutlass {speed, disarm}
 30403 | Zig:5    | Identified the dragon-blood talisman "Ypnotedi" {Stlth+}
 30413 | Zig:6    | Entered Level 6 of a ziggurat
 30470 | Zig:7    | Entered Level 7 of a ziggurat
 30474 | Zig:7    | Noticed a caustic shrike
 30474 | Zig:7    | Noticed a caustic shrike
 30476 | Zig:7    | Noticed a caustic shrike
 30477 | Zig:7    | Noticed a caustic shrike
 30478 | Zig:7    | Noticed a caustic shrike
 30579 | Zig:7    | Noticed a caustic shrike
 30579 | Zig:7    | Noticed a caustic shrike
 30579 | Zig:7    | Noticed a caustic shrike
 30579 | Zig:7    | Noticed a caustic shrike
 30579 | Zig:7    | Noticed a caustic shrike
 30624 | Zig:7    | Found the +8 orange crystal plate armour {Archmagi, Int+3
                  | Clar}
 30643 | Zig:7    | Noticed a caustic shrike
 30643 | Zig:7    | Noticed a caustic shrike
 30643 | Zig:7    | Noticed a caustic shrike
 30643 | Zig:7    | Noticed a caustic shrike
 30643 | Zig:7    | Noticed a caustic shrike
 30643 | Zig:7    | Noticed a caustic shrike
 30643 | Zig:7    | Noticed a caustic shrike
 30679 | Zig:8    | Entered Level 8 of a ziggurat
 30721 | Zig:8    | Identified the ring "Zixkon" {+Blink rF+ Dex-5 SInv Stlth+}
 30723 | Zig:8    | Identified the ring "Cibboceh" {Will++ Int-5 Dex+6}
 30762 | Zig:9    | Entered Level 9 of a ziggurat
 30818 | Zig:9    | Identified the ring of Isaps {rF+ Will+ rCorr Str-2}
 30822 | Zig:9    | Identified the ring "Hahe" {Fly Will++ Int-5 Dex+6}
 30899 | Depths:3 | Noticed a golden dragon
 30915 | Depths:3 | Killed a golden dragon
 30983 | Depths:3 | Reached XP level 22. HP: 112/112 MP: 23/23
 30987 | Depths:3 | Reached skill level 27 in Shapeshifting
 31079 | Depths:4 | Entered Level 4 of the Depths
 31153 | Depths:4 | Noticed a golden dragon
 31164 | Depths:4 | Killed a golden dragon
 31196 | Depths:4 | Noticed a golden dragon
 31210 | Depths:4 | Killed a golden dragon
 31377 | Depths:4 | Found an ornate altar of the Wu Jian Council.
 31434 | Depths:4 | Found a portal to a secret trove of treasure.
 31473 | Depths:4 | You paid a toll of 4 potions of resistance to enter a
                  | treasure trove
 31474 | Trove    | Entered a treasure trove
 31478 | Trove    | Found the amulet of the Air {Inacc Air Fly rElec RMsl}
 31481 | Trove    | Identified the ring of Ocryitow {*Slow Str+3 Int+6 Dex+5}
 31484 | Trove    | Identified the ring of Symmetry {rN+++ AC+4 Int-2 Dex+4
                  | Slay+3}
 31492 | Trove    | Identified the ring of Fiup {rElec rC+ rN+ Str+6 Stlth+}
 31498 | Trove    | Identified the ring of Bali {Str+6 Dex+4}
 31517 | Trove    | Identified the ring of the Median {AC+4 Int+3}
 31520 | Trove    | Identified the ring of Naherugg {rPois rC+ Int-5 Dex+8}
 31564 | Depths:4 | Found a one-way gate to the infinite horrors of the Abyss.
 31583 | Depths:4 | Acquired a manual of Unarmed Combat
 31665 | Hell     | Entered the Vestibule of Hell
 31665 | Hell     | Noticed Geryon
 31678 | Hell     | Killed Geryon
 31731 | Hell     | Noticed Murray
 31809 | Depths:4 | Killed Murray
 32114 | Hell     | Found a gateway to the Iron City of Dis.
 32125 | Dis:1    | Entered Level 1 of the Iron City of Dis
 32337 | Dis:4    | Noticed a caustic shrike
 32338 | Dis:4    | Noticed a caustic shrike
 32338 | Dis:4    | Noticed a caustic shrike
 32340 | Dis:4    | Noticed a caustic shrike
 32341 | Dis:4    | Noticed a caustic shrike
 32344 | Dis:4    | Killed a caustic shrike
 32344 | Dis:4    | Noticed a caustic shrike
 32347 | Dis:4    | Noticed a caustic shrike
 32349 | Dis:4    | Killed a caustic shrike
 32350 | Dis:4    | Killed a caustic shrike
 32352 | Dis:4    | Killed a caustic shrike
 32354 | Dis:4    | Killed a caustic shrike
 32369 | Dis:4    | Reached XP level 23. HP: 10/116 MP: 21/24
 32388 | Dis:4    | Killed a caustic shrike
 32396 | Dis:4    | HP: 4/116 [acid (8)]
 32409 | Dis:4    | Killed a caustic shrike
 32533 | Dis:4    | HP: 1/116 [iron giant/+0 giant spiked club (59)]
 32814 | Dis:7    | Entered Level 7 of the Iron City of Dis
 32821 | Dis:7    | Noticed a caustic shrike
 32831 | Dis:7    | Killed a caustic shrike
 33284 | Dis:7    | Noticed a caustic shrike
 33290 | Dis:7    | Killed a caustic shrike
 33329 | Dis:7    | Noticed a caustic shrike
 33337 | Dis:7    | Killed a caustic shrike
 33480 | Dis:7    | Noticed a juggernaut
 33657 | Dis:7    | Noticed a caustic shrike
 33774 | Dis:7    | Killed a caustic shrike
 34015 | Dis:7    | Noticed a juggernaut
 34015 | Dis:7    | Noticed Dispater
 34031 | Dis:7    | Killed a juggernaut
 34038 | Dis:7    | Killed Dispater
 34165 | Dis:7    | Got an iron rune of Zot
 34400 | Hell     | Found a gateway to the ashen valley of Gehenna.
 34425 | Geh:1    | Entered Level 1 of Gehenna
 34426 | Geh:1    | Noticed an ancient lich
 34432 | Geh:1    | Killed an ancient lich
 34831 | Geh:4    | Noticed an ancient lich
 34836 | Geh:4    | Reached XP level 24. HP: 61/123 MP: 24/24
 34850 | Geh:4    | Killed an ancient lich
 35021 | Geh:6    | Killed from afar by a Brimstone Fiend
 35026 | Geh:7    | Entered Level 7 of Gehenna
 35917 | Geh:7    | Identified the ring of Beauty {Ice rN+ Stlth+}
 35941 | Geh:7    | Identified the ring of Lies {Ice Slay+3}
 35973 | Geh:7    | Found the +13 sceptre of Asmodeus
 35973 | Geh:7    | Noticed Asmodeus
 35994 | Geh:7    | Killed Asmodeus
 36003 | Geh:7    | Got an obsidian rune of Zot
 36232 | Hell     | Found a gateway to the freezing wastes of Cocytus.
 36264 | Coc:1    | Entered Level 1 of Cocytus
 36490 | Coc:4    | Noticed a shard shrike
 36490 | Coc:4    | Noticed a shard shrike
 36490 | Coc:4    | Noticed a shard shrike
 36490 | Coc:4    | HP: 2/129 [wendigo/seracfall (10)]
 36490 | Coc:4    | Killed from afar by an elemental wellspring
 36510 | Coc:4    | Killed a shard shrike
 36512 | Coc:4    | Killed a shard shrike
 36723 | Coc:4    | Noticed a shard shrike
 36723 | Coc:4    | Noticed a shard shrike
 36739 | Coc:4    | Killed a shard shrike
 36743 | Coc:4    | Killed a shard shrike
 36796 | Coc:4    | Noticed a shard shrike
 36804 | Coc:4    | Killed a shard shrike
 36804 | Coc:4    | Noticed a shard shrike
 36813 | Coc:4    | Killed a shard shrike
 36820 | Coc:4    | Killed a shard shrike
 36891 | Coc:5    | Reached XP level 25. HP: 134/134 MP: 24/24
 36996 | Coc:6    | Noticed a shard shrike
 36996 | Coc:6    | Noticed a shard shrike
 36996 | Coc:6    | Noticed a shard shrike
 36997 | Coc:6    | Noticed a shard shrike
 36998 | Coc:6    | Noticed a shard shrike
 37000 | Coc:6    | Killed a shard shrike
 37002 | Coc:6    | Killed a shard shrike
 37003 | Coc:6    | Killed a shard shrike
 37003 | Coc:6    | Killed a shard shrike
 37007 | Coc:6    | Killed a shard shrike
 37222 | Coc:7    | Entered Level 7 of Cocytus
 37331 | Coc:7    | Paralysed by a wendigo for 1 turns
 37470 | Coc:7    | Noticed Antaeus
 37508 | Coc:7    | Killed Antaeus
 37589 | Coc:7    | Got an icy rune of Zot
 37787 | Hell     | Found a gateway to the decaying netherworld of Tartarus.
 37803 | Tar:1    | Entered Level 1 of Tartarus
 37963 | Tar:3    | Noticed an ancient lich
 37963 | Tar:3    | Noticed a dread lich
 37963 | Tar:3    | Noticed a dread lich
 37963 | Tar:3    | Noticed a dread lich
 37973 | Tar:3    | Killed a dread lich
 37982 | Tar:3    | Killed a dread lich
 37984 | Tar:3    | Killed an ancient lich
 37987 | Tar:3    | Killed a dread lich
 38216 | Tar:5    | Noticed a dread lich
 38222 | Tar:5    | Paralysed by a dread lich for 2 turns
 38324 | Tar:5    | Killed a dread lich
 38381 | Tar:5    | Reached skill level 27 in Fighting
 38687 | Tar:7    | Entered Level 7 of Tartarus
 38765 | Tar:7    | Reached XP level 26. HP: 145/145 MP: 24/24
 38877 | Tar:7    | Noticed a dread lich
 38885 | Tar:7    | Killed a dread lich
 38930 | Tar:7    | Noticed a dread lich
 38938 | Tar:7    | Killed a dread lich
 39058 | Tar:7    | Noticed Ereshkigal
 39224 | Tar:7    | Paralysed by Ereshkigal for 3 turns
 39241 | Tar:7    | Killed Ereshkigal
 39415 | Tar:7    | Identified the +7 long sword of Tiadov {venom, rElec rF-
                  | rC+ Stlth+}
 39510 | Tar:7    | Got a bone rune of Zot
 40244 | Orc:1    | Bought a potion of curing for 69 gold pieces
 40244 | Orc:1    | Bought 3 scrolls of blinking for 517 gold pieces
 40244 | Orc:1    | Bought a potion of curing for 69 gold pieces
 40587 | Vaults:2 | Noticed Jory
 40594 | Vaults:2 | Killed Jory
 40897 | Vaults:2 | Found a staircase to the Crypt.
 40914 | Crypt:1  | Entered Level 1 of the Crypt
 41145 | Crypt:3  | Entered Level 3 of the Crypt
 41283 | Crypt:3  | Found a staircase to the Tomb.
 41284 | Crypt:3  | Noticed a dread lich
 41288 | Crypt:3  | Killed a dread lich
 41345 | Tomb:1   | Entered Level 1 of the Tomb of the Ancients
 41431 | Tomb:1   | Reached skill level 27 in Dodging
 41574 | Tomb:1   | Reached XP level 27. HP: 149/149 MP: 24/24
 41742 | Tomb:1   | Noticed a royal mummy
 42058 | Tomb:1   | Noticed a royal mummy
 42063 | Tomb:1   | Killed a royal mummy
 42101 | Tomb:1   | Killed a royal mummy
 42248 | Tomb:2   | Noticed a royal mummy
 42262 | Tomb:2   | Killed a royal mummy
 42264 | Tomb:2   | Noticed a royal mummy
 42279 | Tomb:2   | Killed a royal mummy
 42280 | Tomb:2   | Noticed a royal mummy
 42293 | Tomb:2   | Noticed a royal mummy
 42300 | Tomb:2   | Killed a royal mummy
 42308 | Tomb:2   | Killed a royal mummy
 42633 | Tomb:1   | Noticed a royal mummy
 42633 | Tomb:1   | Noticed a royal mummy
 42638 | Tomb:1   | Killed a royal mummy
 42639 | Tomb:1   | Reached skill level 27 in Unarmed Combat
 42639 | Tomb:1   | Reached skill level 1 in Stealth
 42639 | Tomb:1   | Noticed a royal mummy
 42653 | Tomb:1   | Noticed a royal mummy
 42655 | Tomb:1   | Killed a royal mummy
 42656 | Tomb:1   | Killed a royal mummy
 42666 | Tomb:1   | Killed a royal mummy
 42666 | Tomb:1   | Killed by a royal mummy's death curse
 42667 | Tomb:1   | Reached skill level 5 in Stealth
 42673 | Tomb:1   | Noticed a royal mummy
 42674 | Tomb:1   | Noticed a royal mummy
 42681 | Tomb:1   | Killed a royal mummy
 42687 | Tomb:1   | Killed a royal mummy
 42810 | Tomb:1   | Noticed a royal mummy
 42822 | Tomb:1   | Killed a royal mummy
 42862 | Tomb:1   | Noticed a royal mummy
 42885 | Tomb:1   | Killed a royal mummy
 42907 | Tomb:1   | Noticed a royal mummy
 42914 | Tomb:1   | Killed a royal mummy
 42924 | Tomb:1   | Noticed a royal mummy
 42932 | Tomb:1   | Noticed a royal mummy
 42939 | Tomb:1   | Killed a royal mummy
 42948 | Tomb:1   | Noticed a royal mummy
 42949 | Tomb:1   | Killed a royal mummy
 42950 | Tomb:1   | Reached skill level 10 in Stealth
 42960 | Tomb:1   | Noticed a royal mummy
 42963 | Tomb:1   | Killed a royal mummy
 43256 | Tomb:1   | Killed a royal mummy
 43257 | Tomb:1   | Noticed a royal mummy
 43273 | Tomb:1   | Noticed a royal mummy
 43274 | Tomb:1   | Killed a royal mummy
 43275 | Tomb:1   | Noticed a royal mummy
 43276 | Tomb:1   | Noticed a royal mummy
 43278 | Tomb:1   | Noticed a royal mummy
 43285 | Tomb:1   | Killed a royal mummy
 43286 | Tomb:1   | Noticed a royal mummy
 43304 | Tomb:1   | Killed a royal mummy
 43308 | Tomb:1   | Killed a royal mummy
 43314 | Tomb:1   | Killed a royal mummy
 43318 | Tomb:1   | Killed a royal mummy
 43625 | Tomb:3   | Entered Level 3 of the Tomb of the Ancients
 43631 | Tomb:3   | Noticed a royal mummy
 43674 | Tomb:3   | Noticed a royal mummy
 43674 | Tomb:3   | Noticed a royal mummy
 43687 | Tomb:3   | Noticed a royal mummy
 43687 | Tomb:3   | Noticed a royal mummy
 43693 | Tomb:3   | Killed a royal mummy
 43889 | Tomb:3   | Killed a royal mummy
 43890 | Tomb:3   | Reached skill level 15 in Stealth
 43894 | Tomb:3   | Noticed a royal mummy
 43899 | Tomb:3   | Killed a royal mummy
 43900 | Tomb:3   | Noticed a royal mummy
 43901 | Tomb:3   | Noticed a royal mummy
 43920 | Tomb:3   | Got a golden rune of Zot
 43951 | Tomb:3   | Killed a royal mummy
 43994 | Tomb:3   | Killed a royal mummy
 44004 | Tomb:3   | Killed a royal mummy
 44011 | Tomb:3   | Killed a royal mummy
 44389 | Crypt:3  | Found an ancient bone altar of Kikubaaqudgha.
 44799 | Crypt:2  | Noticed Sojobo
 44814 | Crypt:2  | Killed Sojobo
 45392 | Depths:2 | Found Lulafole's Book Boutique.
 45392 | Depths:2 | Found Wial's Jewellery Emporium.
 45393 | Depths:2 | Found Daxocvoi's Jewellery Emporium.
 45463 | Depths:1 | Found a runed translucent door.
 46136 | Depths:2 | Found a one-way gate leading to the halls of Pandemonium.
 46151 | Pan      | Entered Pandemonium
 46356 | Pan      | Acquired 709 gold pieces
 46577 | Pan      | Found a transporter.
 46631 | Pan      | Found a transporter.
 46755 | Pan      | Identified the ring of Qaties {Fire MP+9}
 46779 | Pan      | Identified the ring "Lexkibb" {Wiz rC+ rN+ Slay-3}
 46805 | Pan      | Noticed Umidem the pandemonium lord
 46806 | Pan      | Found a runed translucent door.
 46818 | Pan      | Killed Umidem the pandemonium lord
 46951 | Pan      | Noticed Ofuaph the pandemonium lord
 46965 | Pan      | Killed Ofuaph the pandemonium lord
 47059 | Pan      | Identified the +0 helmet of Weirdness {+Inv rElec rN++
                  | Int+3}
 47061 | Pan      | Identified the of Fitaetisk
 47369 | Pan      | Entered the realm of Mnoleg.
 47369 | Pan      | Noticed Mnoleg
 47378 | Pan      | Killed Mnoleg
 47379 | Pan      | Reached skill level 27 in Stealth
 47384 | Pan      | Reached skill level 1 in Evocations
 47385 | Pan      | Reached skill level 1 in Spellcasting
 47422 | Pan      | Gained mutation: You occasionally shout uncontrollably at
                  | your foes. [a neqoxec]
 47452 | Pan      | Got a glowing rune of Zot
 47515 | Pan      | Gained mutation: You are robust. (+10% HP) [a neqoxec]
 47576 | Pan      | Gained mutation: You occasionally lose the ability to read
                  | scrolls when taking damage. [a cacodemon]
 47618 | Pan      | Reached skill level 5 in Evocations
 47741 | Pan      | Gained mutation: You are weak. (Str -2) [a cacodemon]
 47792 | Pan      | Noticed Ignacio
 47802 | Pan      | Killed Ignacio
 47807 | Pan      | Lost mutation: You have a pair of small antennae on your
                  | head. [potion of mutation]
 47807 | Pan      | Lost mutation: You are robust. (+10% HP) [potion of
                  | mutation]
 47807 | Pan      | Lost mutation: You occasionally shout uncontrollably at
                  | your foes. [potion of mutation]
 47807 | Pan      | Gained mutation: You have hidden genetic potential. [potion
                  | of mutation]
 47807 | Pan      | Gained mutation: Your natural rate of healing is unusually
                  | fast. [potion of mutation]
 47807 | Pan      | Gained mutation: You have very sharp fingernails. [potion
                  | of mutation]
 47808 | Pan      | Lost mutation: You have very sharp fingernails. [potion of
                  | mutation]
 47808 | Pan      | Lost mutation: You have hidden genetic potential. [potion
                  | of mutation]
 47808 | Pan      | Gained mutation: Your spells are a little easier to cast,
                  | but a little less powerful. [potion of mutation]
 47809 | Pan      | Lost mutation: Your natural rate of healing is unusually
                  | fast. [potion of mutation]
 47809 | Pan      | Lost mutation: Your spells are a little easier to cast, but
                  | a little less powerful. [potion of mutation]
 47809 | Pan      | Gained mutation: You possess an exceptional clarity of
                  | mind. [potion of mutation]
 47809 | Pan      | Gained mutation: You have very sharp fingernails. [potion
                  | of mutation]
 47810 | Pan      | Lost mutation: You occasionally lose the ability to read
                  | scrolls when taking damage. [potion of mutation]
 47810 | Pan      | Lost mutation: You are weak. (Str -2) [potion of mutation]
 47810 | Pan      | Lost mutation: You have very sharp fingernails. [potion of
                  | mutation]
 47810 | Pan      | Gained mutation: You are partially covered in iridescent
                  | scales. (AC +2) [potion of mutation]
 48070 | Pan      | Noticed Gaadetha the pandemonium lord
 48081 | Pan      | Killed Gaadetha the pandemonium lord
 48170 | Pan      | Entered the realm of Gloorx Vloq.
 48204 | Pan      | Reached skill level 10 in Evocations
 48236 | Pan      | Noticed Gloorx Vloq
 48263 | Pan      | Killed Gloorx Vloq
 48286 | Pan      | Got a dark rune of Zot
 48650 | Pan      | Identified the of Waad
 48650 | Pan      | Entered the realm of Cerebov.
 48781 | Pan      | Found an exit through the horrors of the Abyss.
 48836 | Pan      | Found the +6 sword of Cerebov {flame}
 48836 | Pan      | Noticed Cerebov
 48921 | Pan      | Reached skill level 15 in Evocations
 49006 | Pan      | Killed Cerebov
 49204 | Pan      | Got a fiery rune of Zot
 49252 | Pan      | Entered the realm of Lom Lobon.
 49361 | Pan      | Found an exit through the horrors of the Abyss.
 49618 | Pan      | Noticed Lom Lobon
 49635 | Pan      | Killed Lom Lobon
 49684 | Pan      | Got a magical rune of Zot
 49799 | Pan      | Found an exit through the horrors of the Abyss.
 49921 | Depths:2 | Escaped Pandemonium
 49923 | Pan      | Entered Pandemonium
 49971 | Pan      | Noticed Hocec the pandemonium lord
 49976 | Pan      | Found an exit through the horrors of the Abyss.
 50004 | Pan      | Killed Hocec the pandemonium lord
 50243 | Pan      | Noticed Ohoibueli the pandemonium lord
 50266 | Pan      | Got a demonic rune of Zot
 50411 | Pan      | Noticed Duwnuygo the pandemonium lord
 50424 | Pan      | Killed Duwnuygo the pandemonium lord
 50435 | Pan      | Identified the +1 giant club "Qaodghei" {distort, Str+4}
 51030 | Pan      | Found an exit through the horrors of the Abyss.
 51056 | Pan      | Took an exit into the Abyss.
 51056 | Abyss:3  | Escaped into the Abyss
 51226 | Depths:2 | Escaped the Abyss
 51340 | Depths:4 | Found a gate to the Realm of Zot.
 51353 | Zot:1    | Entered Level 1 of the Realm of Zot
 51353 | Zot:1    | Noticed a dread lich
 51365 | Zot:1    | Killed a dread lich
 52185 | Zot:5    | Entered Level 5 of the Realm of Zot
 52194 | Zot:5    | Noticed an orb of fire
 52194 | Zot:5    | Noticed an ancient lich
 52194 | Zot:5    | Noticed an orb of fire
 52200 | Zot:5    | Noticed an orb of fire
 52201 | Zot:5    | Noticed an ancient lich
 52201 | Zot:5    | Noticed a dread lich
 52211 | Zot:5    | Killed an ancient lich
 52213 | Zot:5    | Killed a dread lich
 52216 | Zot:5    | Killed from afar by an orb of fire
 52360 | Zot:5    | Noticed an orb of fire
 52363 | Zot:5    | Gained mutation: You are frail. (-10% HP) [an orb of fire]
 52375 | Zot:5    | Got the Orb of Zot
 52404 | Zot:5    | Killed an orb of fire
 52405 | Zot:5    | Reached skill level 27 in Evocations
 52441 | Zot:5    | Noticed a dread lich
 52455 | Zot:5    | Killed a dread lich
 52467 | Zot:5    | Reached skill level 5 in Spellcasting
 52482 | Zot:5    | Noticed an orb of fire
 52482 | Zot:5    | Noticed an orb of fire
 52482 | Zot:5    | Noticed an orb of fire
 52485 | Zot:5    | Gained mutation: Your spells are a little easier to cast,
                  | but a little less powerful. [an orb of fire]
 52486 | Zot:5    | Gained mutation: Your mind is acute. (Int +4, Str/Dex -1)
                  | [an orb of fire]
 52488 | Zot:5    | Gained mutation: Your magical capacity is low. (-10% MP)
                  | [an orb of fire]
 52489 | Zot:5    | Killed from afar by an orb of fire
 52489 | Zot:5    | Gained mutation: You occasionally shout uncontrollably at
                  | your foes. [an orb of fire]
 52772 | Depths:1 | Noticed Ipnopruack the pandemonium lord
 52782 | Depths:1 | Killed Ipnopruack the pandemonium lord
 53172 | D:$      | Escaped with the Orb!

Illustrated notes

Levels and vault maps discovered:
D:1:      dpeg_arrival_rhombi, layout_basic, basic_ecumenical_altar
D:2:      layout_rooms
D:3:      layout_basic, gammafunk_temple_overflow_claw, uniq_ijyb
D:4:      layout_loops_ring, mainiacjoe_overflow_alcove_1, lemuel_crystal_altar,
          ebering_ghost_rock_garden, enter_ossuary_3,
          kennysheep_opposing_triangles
D:5:      cheibrodos_barr_body, layout_basic, mainiacjoe_overflow_cross_hatched,
          mainiacjoe_overflow_six_doors_small, nicolae_overflow_crystal_walls,
          serial_shops, shop_fountains, hangedman_feature_mirror
D:6:      layout_basic, elyvilon_altar_4, minmay_temple_entry_gardened_gates
D:7:      layout_basic, serial_shops, shop, hangedman_misty_isle, uniq_menkaure
D:8:      layout_basic, ashenzari_conservatory_becter
D:9:      layout_gridville, old_standard_altar, lair_entry_dummy,
          palyth_stone_intersect, hangedman_decor_peaks_small
D:10:     layout_roguey, erik_orc_1, enter_bailey_2
D:11:     layout_basic, minmay_st_funbox
D:12:     layout_small_grid, st_stairs_5, mrwooster_statue_mirror
D:13:     layout_long_grid, david_vaults_4, kennysheep_generic_room_11
D:14:     layout_layer_cave, serial_park_square3 [serial_park_minivault_5x5_7],
          uniq_azrael, uniq_roxanne, uniq_louise
D:15:     grunt_enter_depths_magical_seal, layout_rooms, minmay_misc_feat_iff,
          chequers_serial_rivers_small_a
Lair:1:   layout_gridlike, infiniplex_staircase_pool, grunt_megastairs_4,
          uniq_urug
Lair:2:   layout_small_grid, pdpol_lair_cavern_descent,
          infiniplex_staircase_pool_2
Lair:3:   layout_regular_city, minmay_swamp_entry_reptiles, dummy_spider_entry,
          nicolae_lair_run_with_the_wolves, grunt_megastairs_3,
          lemuel_fruit_fields, uniq_josephine
Lair:4:   layout_cave_pods, uniq_snorg
Lair:5:   cheibrodos_lair_end_hotspot, layout_gridlike,
          dpeg_slime_entry_enclosed, st_stairs_6, minivault_19
Swamp:1:  layout_basic_swamp, gammafunk_ghost_grave,
          evilmike_swamp_ruin_house_3, statue_in_the_mist_lemuel
Swamp:2:  layout_falls_marsh, serial_swamp_ruin, evilmike_swamp_ruin_house_4,
          hangedman_swamp_ruin_wall, swamp_pool_4, hangedman_swamp_wriggling
Swamp:3:  layout_basic_swamp, evilmike_swamp_ruin_rubble_2
Swamp:4:  swamp_old_school, layout_basic_swamp, swamp_pool_1_2
Spider:1: layout_cave_pods, worms_lemuel
Spider:2: layout_chambers, hangedman_spider_mandibles, drop_trap
Spider:3: layout_spider_delve, nicolae_spider_stair_cavern
Spider:4: grunt_spider_rune_parallel
Slime:1:  layout_caves
Slime:2:  layout_caves
Slime:3:  layout_caves, cheibrodos_slime_lost_civilization_5
Slime:4:  layout_caves
Slime:5:  slime_pit
Orc:1:    layout_caves, serial_shops, nicolae_shop_statue_plus, mines1_david
Orc:2:    grunt_orc_community_town_hall, layout_caves,
          grunt_orc_community_big_house_1, grunt_orc_community_big_house_2,
          grunt_orc_community_house_2, grunt_orc_community_house_2,
          grunt_orc_community_house_3, grunt_orc_community_house_1,
          grunt_orc_community_house_1
Elf:1:    layout_loops_cross, serial_shops, shop_statue,
          minmay_elf_annihilation, nicolae_shop_overcharged_wands
Elf:2:    elven_hall_of_blades_hangedman_alternative
          [nooodl_blade_entry_preview], layout_onion_city, basic_altar,
          serial_shops, nicolae_shop_tiny_waterfront,
          dreamdust_mushroom_princess
Elf:3:    minmay_elf_hall_curves, layout_rooms, roderic_lattice_octagonal_star
Vaults:1: nicolae_vaults_little_squares_5, ontoclasm_vaults_hangar,
          hangedman_vaults_impose, hangedman_vaults_variations, v_rooms_5,
          nicolae_vaults_trapezoid_lopsided_4, v_rooms_2,
          nicolae_vaults_trapezoid_4, nicolae_vaults_closet_pinwheel_3,
          nicolae_vaults_lightning_bolt, v_misc_28, v_pattern_2,
          layout_vaults_omnicross
Vaults:2: v_misc_4, grunt_vaults_bifocal, vaults_room_door_hall,
          minmay_crypt_entry_nasty_monster, nicolae_vaults_sealed_display,
          nicolae_vaults_closet_pinwheel_3, nicolae_vaults_apartment_1,
          nicolae_vaults_more_shelving_1, nicolae_vaults_twisting_passages,
          nicolae_vaults_apartment_2, vaults_room_hallway,
          serial_library_hellmonk_big_corner, ontoclasm_vaults_bender,
          nicolae_vaults_tangram_1, v_misc_23, layout_vaults_maze_bifur,
          serial_shops, nicolae_shop_overgrown_old_shop, uniq_jory, uniq_zenata
Vaults:3: nicolae_vaults_tetromino_T_1, nicolae_vaults_trapezoid_lopsided_2,
          vaults_room_mumra_shop_pool, nicolae_vaults_storage_room_statues,
          nicolae_vaults_little_squares_4, v_misc_8,
          nicolae_vaults_closet_pinwheel_6, nicolae_vaults_trapezoid_lopsided_2,
          layout_vaults_quadrants, serial_shops, nicolae_shop_waterfront, shop,
          shop
Vaults:4: infiniplex_enter_wizlab_spiral, nicolae_vaults_storage_room_doors,
          nicolae_vaults_house_3, v_misc_28, v_misc_10, dpeg_vaults_monster_row,
          vaults_room_pools, grunt_vaults_focal,
          nicolae_vaults_storage_room_water, nicolae_vaults_stepped_doors,
          nicolae_vaults_more_shelving_2, nicolae_vaults_variable_pillar_hall,
          nicolae_vaults_swerve, nicolae_vaults_variable_pillar_hall,
          layout_vaults_omnibox, uniq_margery
Vaults:5: serial_shops
Crypt:1:  layout_rooms
Crypt:2:  layout_misc_corridors, lemuel_upstairs_altar, uniq_sojobo
Crypt:3:  grunt_crypt_end_deaths_head
Tomb:1
Tomb:2
Tomb:3
Depths:1: layout_basic, hangedman_coc_ice_floe, nicolae_lava_and_water,
          serial_shops, nicolae_shop_behind_doors, nicolae_sextant,
          minmay_acid_items
Depths:2: minmay_the_grid_3x3 [minmay_the_grid_expand, minmay_the_grid_mess,
          minmay_the_grid_minigrid_medium, minmay_the_grid_all_tris,
          minmay_the_grid_large_cup, minmay_the_grid_eight,
          minmay_the_grid_minigrid_small_alt, minmay_the_grid_armoury,
          minmay_the_grid_prize_inner_circle], layout_honeycomb,
          enter_ziggurat_b, ebering_dispersal_statue_hall, hell_entry,
          grunt_pan_entry_spiral, minmay_staircase_windowed_large,
          minmay_shop_grove
Depths:3: minmay_tri_box, layout_cave_pools, hangedman_tar_grid_catacomb,
          hangedman_decor_lopped, minmay_room_of_horrors
Depths:4: grunt_zot_entry_gee_three, layout_basic, grunt_hell_entry_dis_grunt,
          nicolae_trove_entry_free_sample, solitary_fountain,
          abyss_entry_small_statue_room, pdpol_wu_jian_five_deadly_venoms,
          serial_bayou_shore_b
Hell
Dis:1:    layout_overlapping_boxes, nicolae_hells_seeping_fissure
Dis:2:    layout_regular_city, nicolae_dis_grated_feature
Dis:3:    layout_overlapping_boxes
Dis:4:    nicolae_dis_metal_hellway, layout_regular_city
Dis:5:    nicolae_dis_pentagon_2, layout_regular_city,
          nicolae_dis_distal_crystal
Dis:6:    layout_regular_city
Dis:7:    dis_hangedman
Geh:1:    layout_gehenna_lava_caves
Geh:2:    layout_gehenna_lava_caves
Geh:3:    layout_gehenna_pools_triple
Geh:4:    layout_gehenna_pools_triple
Geh:5:    layout_gehenna_lava_caves
Geh:6:    layout_gehenna_pools_triple, lemuel_flamethrower_3
Geh:7:    geh_old
Coc:1:    layout_cocytus_water_paths
Coc:2:    layout_ice_bergs
Coc:3:    nicolae_hells_demon_pit, layout_ice_bergs
Coc:4:    layout_cocytus_water_paths
Coc:5:    layout_cocytus_water_paths
Coc:6:    nicolae_coc_three_mouths, layout_cocytus_water_paths
Coc:7:    coc_mu
Tar:1:    layout_grid_maze
Tar:2:    layout_honeycomb, nicolae_tar_cuneiform_not
Tar:3:    layout_catacombs, nicolae_tar_liches_on_tour
Tar:4:    layout_grid_maze
Tar:5:    layout_grid_maze
Tar:6:    layout_honeycomb
Tar:7:    tar_grunt_cathedral
Zot:1:    ebering_klown_carousel, layout_basic, st_single_dragon_hoard_1
Zot:2:    layout_misc_corridors, skrybe_zot_glass_2
Zot:3:    gammafunk_sealed_arena, layout_basic,
          regret_index_zotdec_twisting_globes
Zot:4:    layout_twisted_circle, regret_index_zotdec_barnacled_alternative
Zot:5:    layout_twisted_circle

Skill      XL: |  1  2  3  4  5  6  7  8  9 10 11 12 13 14 15 16 17 18 19 20 21 22 23 24 25 26 27 |
---------------+----------------------------------------------------------------------------------+-----
Fighting       | 2 3 4 5 8 9 10 13 16 18 19 20 24 27 | 27.0
Unarmed Combat | 4 5 6 9 10 11 14 16 18 19 22 23 24 25 27 | 27.0
Dodging        | 6 17 18 22 23 24 27 | 27.0
Shapeshifting  | 8 12 15 19 21 23 24 26 27 | 27.0
Stealth        | 27 | 27.0
Evocations     | 27 | 27.0
Spellcasting   | 7 |  7.6

Action                     |  1- 3 |  4- 6 |  7- 9 | 10-12 | 13-15 | 16-18 | 19-21 | 22-24 | 25-27 || total
---------------------------+-------+-------+-------+-------+-------+-------+-------+-------+-------++-------
  Melee: Unarmed           |    43 |   172 |   106 |   448 |  1338 |  1440 |  1077 |  1218 |  3038 ||  8880
         Bite              |     7 |    20 |    14 |    42 |   128 |   243 |   101 |       |    71 ||   626
         Punch             |       |     3 |    12 |    23 |    67 |   170 |   166 |   266 |   722 ||  1429
         Constrict         |       |       |       |    42 |    80 |       |       |       |       ||   122
 Invoke: Call Merchant     |       |       |       |     1 |     2 |     1 |       |       |       ||     4
         Potion Petition   |       |       |       |       |       |     4 |     2 |     9 |    24 ||    39
         Bribe Branch      |       |       |       |       |       |       |       |     1 |     2 ||     3
Ability: Blinkbolt         |       |       |       |       |       |       |    18 |    28 |    51 ||    97
  Evoke: Wand              |       |       |     3 |    24 |     3 |     5 |       |     4 |    28 ||    67
         Condenser vane    |       |       |       |       |       |     3 |       |       |     1 ||     4
         Lightning rod     |       |       |       |       |       |       |       |       |     4 ||     4
    Use: Scroll            |     4 |     6 |     2 |     5 |    19 |    19 |     7 |     8 |    24 ||    94
         Potion            |     1 |     2 |     2 |    11 |    12 |    17 |     7 |     9 |    10 ||    71
   Stab: Sleeping          |     1 |     4 |       |     6 |     5 |     4 |     3 |     3 |    19 ||    45
         Invisible         |       |       |       |    15 |    20 |     2 |     7 |       |    15 ||    59
         Distracted        |       |       |       |     4 |    13 |     9 |    12 |    23 |    99 ||   160
         Confused          |       |       |       |       |       |     1 |       |       |       ||     1
 Armour: Skin              |    14 |    52 |    30 |   150 |   597 |   830 |   384 |   218 |   411 ||  2686
  Dodge: Dodged            |    42 |   103 |   105 |   450 |  2724 |  3576 |  1561 |  1355 |  3732 || 13648
  Block: Other             |       |       |     1 |    89 |   502 |   371 |       |       |       ||   963
         Reflection        |       |       |       |     2 |     9 |    11 |       |       |       ||    22
   Form: Anaconda          |       |       |       |     1 |       |       |       |       |       ||     1
         Statue            |       |       |       |       |     1 |       |       |       |       ||     1
         Storm             |       |       |       |       |       |       |     1 |       |     1 ||     2
         Death             |       |       |       |       |       |       |       |       |     2 ||     2
                           |       |       |       |       |       |       |       |       |     1 ||     1

Table legend: (Time is in decaauts)
 A = Elapsed time spent in this place.
 B = Non-inter-level travel time spent in this place.
 C = Inter-level travel time spent in this place.
 D = Time resting spent in this place.
 E = Time spent auto-exploring this place.
 F = Levels seen in this place.
 G = Mean time per level.
                   A        B        C        D        E       F      G
               +--------+--------+--------+--------+--------+-----+--------+
         Total |  56110 |  38949 |  17161 |   3794 |  16637 | 128 |  438.4 |
       Dungeon |  12544 |   7784 |   4760 |    674 |   4970 |  15 |  836.3 |
          Lair |   5801 |   3509 |   2292 |    900 |   1399 |   5 | 1160.2 |
         Swamp |   3066 |   2160 |    906 |    232 |   1020 |   4 |  766.5 |
   Spider Nest |   3407 |   2506 |    901 |    118 |   1205 |   4 |  851.8 |
    Slime Pits |   1217 |    781 |    436 |     91 |     72 |   5 |  243.4 |
  Orcish Mines |   2449 |   1635 |    814 |      0 |   1127 |   2 | 1224.5 |
   Elven Halls |   2751 |   1385 |   1366 |    270 |     97 |   3 |  917.0 |
        Vaults |   3894 |   2584 |   1310 |      3 |   1293 |   5 |  778.8 |
         Crypt |    943 |    651 |    292 |      0 |    361 |   3 |  314.3 |
          Tomb |   2611 |   2075 |    536 |    467 |    890 |   3 |  870.3 |
        Depths |   3396 |   1938 |   1458 |    129 |    973 |   4 |  849.0 |
          Hell |    496 |    410 |     86 |     26 |    131 |   1 |  496.0 |
           Dis |   1993 |   1375 |    618 |    152 |    474 |   7 |  284.7 |
       Gehenna |   1517 |   1107 |    410 |     95 |    509 |   7 |  216.7 |
       Cocytus |   1333 |   1161 |    172 |    228 |    423 |   7 |  190.4 |
      Tartarus |   1580 |   1296 |    284 |    264 |    470 |   7 |  225.7 |
           Zot |   1072 |    557 |    515 |      7 |      0 |   5 |  214.4 |
         Abyss |    384 |    384 |      0 |      0 |     74 |   2 |  192.0 |
   Pandemonium |   4367 |   4367 |      0 |     18 |    612 |  28 |  156.0 |
      Ziggurat |    546 |    546 |      0 |    116 |    182 |   9 |   60.7 |
         Trove |     55 |     55 |      0 |      0 |      0 |   1 |   55.0 |
        Bailey |    677 |    677 |      0 |      0 |    350 |   1 |  677.0 |
               +--------+--------+--------+--------+--------+-----+--------+

Top non-repeatable levels by time:
  Lair:5: 2093 daAuts
Spider:4: 1869 daAuts
   Orc:2: 1716 daAuts
  Tomb:1: 1704 daAuts
Vaults:1: 1668 daAuts
    D:10: 1588 daAuts
Vaults:5: 1549 daAuts
   Elf:3: 1500 daAuts
   Dis:7: 1429 daAuts
Depths:2: 1296 daAuts
  Lair:3: 1236 daAuts
     D:5: 1193 daAuts
  Lair:2: 1181 daAuts
    D:12: 1180 daAuts
 Swamp:4: 1021 daAuts
